[Event "78th GEO-ch Women 1st League 2021"]
[Site "Tbilisi"]
[Date "2021.03.20"]
[Round "3.10"]
[White "Gvatua, Mariam"]
[Black "Mgeladze, Kesaria"]
[Result "1-0"]
[ECO "C13"]
[WhiteElo "1343"]
[BlackElo "1380"]
[Annotator "NA"]
[PlyCount "105"]
[EventDate "2021.03.18"]
[EventType "swiss"]
[EventCountry "GEO"]
[SourceTitle "playchess.com"]
[Source "ChessBase"]
[SourceQuality "1"]
[TimeControl "5400+30"]

1. d4 Nf6 2. Nc3 d5 3. Bg5 e6 4. e4 dxe4 5. Nxe4 Be7 6. Bxf6 gxf6 7. Nf3 f5 8. Ng3 b6 9. c3 Bb7 10. Ne5 Bf6 11. Nh5 Bxe5 12. dxe5 Qxd1+ 13. Rxd1 Nd7 14. f4 a6 15. Rg1 Rd8 16. b4 Ke7 17. Bc4 b5 18. Be2 Nb6 19. Nf6 Na4 20. Rc1 Rc8 21. c4 c6 22. c5 Rcd8 23. a3 Nb2 24. Rc3 Rd4 25. g3 h6 26. Rb3 Nc4 27. Bd3 Rhd8 28. Ke2 a5 29. Rd1 axb4 30. axb4 Ra8 31. Bc2 Rxd1 32. Kxd1 Ra1+ 33. Rb1 Ra2 34. Rb3 Ra1+ 35. Rb1 Ra8 36. Bd3 Ra2 37. Bxc4 bxc4 38. Rc1 Ba6 39. Rc2 Ra4 40. Rd2 Bc8 41. Rd6 Rxb4 42. Rxc6 Rb8 43. Rc7+ Kf8 44. c6 Ra8 45. Kc2 Ba6 46. Kc3 Kg7 47. h4 Bb5 48. h5 Rb8 49. Rb7 Rc8 50. Rxb5 Rxc6 51. Rb4 Rc7 52. Rb8 Rc8 53. Ne8+ 1-0

[Event "78th GEO-ch Women 1st League 2021"]
[Site "Tbilisi"]
[Date "2021.03.20"]
[Round "3.11"]
[White "Tasoshvili, Tamar"]
[Black "Oniani, Tamar"]
[Result "0-1"]
[ECO "D05"]
[WhiteElo "1528"]
[BlackElo "1604"]
[Annotator "NA RC"]
[PlyCount "94"]
[EventDate "2021.03.18"]
[EventType "swiss"]
[EventCountry "GEO"]
[SourceTitle "playchess.com"]
[Source "ChessBase"]
[SourceQuality "1"]
[TimeControl "5400+30"]

1. d4 Nf6 2. Nf3 e6 3. e3 b6 4. Bd3 Bb7 5. Nbd2 d5 6. O-O Bd6 7. b3 O-O 8. Bb2 c5 9. Ne5 Nc6 10. a3 cxd4 11. exd4 Ne7 12. f4 Ne4 13. Bxe4 dxe4 14. Re1 f6 15. Nec4 Bxf4 16. Nxe4 b5 17. Ncd2 Nf5 18. Nf1 Qd5 19. Re2 Nh4 20. Qe1 g5 21. Qf2 Qf5 22. Rae1 Qg4 23. h3 Qh5 24. Neg3 Qg6 25. Rxe6 Bxg2 26. Nh2 Bxh3 27. Re7 Ng2 28. R1e4 Rae8 29. Nhf1 Nh4 30. d5 Bg2 31. Rxe8 Rxe8 32. Rxe8+ Qxe8 33. Bxf6 Bxd5 34. Qxa7 Nf3+ 35. Kh1 Qf7 36. Qxf7+ Kxf7 37. Bd8 Nd4+ 38. Kg1 Nxc2 39. a4 bxa4 40. bxa4 Kg6 41. Ne2 Bb8 42. Bb6 Nb4 43. Nc3 Bb7 44. Ne3 h5 45. Ne2 Nd5 46. Nxd5 Bxd5 47. Nd4 h4 0-1

[Event "78th GEO-ch Women 1st League 2021"]
[Site "Tbilisi"]
[Date "2021.03.21"]
[Round "4.1"]
[White "Vakhania, Alexandra"]
[Black "Esadze, Tamari"]
[Result "1-0"]
[ECO "D02"]
[WhiteElo "2134"]
[BlackElo "1889"]
[Annotator "ChessBase"]
[PlyCount "69"]
[EventDate "2021.03.18"]
[EventType "swiss"]
[EventCountry "GEO"]
[SourceTitle "playchess.com"]
[Source "ChessBase"]
[SourceQuality "1"]
[TimeControl "5400+30"]

1. d4 d5 2. Nf3 Nf6 3. g3 e6 4. Bg2 c5 5. O-O Nc6 6. c3 Bd6 7. a3 O-O 8. b4 c4 9. Bg5 h6 10. Bxf6 Qxf6 11. e4 Qd8 12. Nbd2 Be7 13. Re1 Bf6 14. Nf1 g6 15. Ne3 Bg7 16. Nd2 Ne7 17. f4 Qd6 18. Qf3 Rd8 19. h4 Kh7 20. h5 Rb8 21. g4 b6 22. g5 Bb7 23. hxg6+ fxg6 24. e5 Qc7 25. Ng4 Nf5 26. Nf6+ Kh8 27. Kf2 h5 28. Rh1 Bxf6 29. gxf6 Rd7 30. Bh3 Rh7 31. Rag1 Rg8 32. Bxf5 exf5 33. e6 Rh6 34. Qe3 Bc8 35. f7 1-0

[Event "78th GEO-ch Women 1st League 2021"]
[Site "Tbilisi"]
[Date "2021.03.21"]
[Round "4.2"]
[White "Lomaia, Diana"]
[Black "Nikoladze, Sopio"]
[Result "1-0"]
[ECO "E18"]
[WhiteElo "1946"]
[BlackElo "2132"]
[Annotator "ChessBase"]
[PlyCount "93"]
[EventDate "2021.03.18"]
[EventType "swiss"]
[EventCountry "GEO"]
[SourceTitle "playchess.com"]
[Source "ChessBase"]
[SourceQuality "1"]
[TimeControl "5400+30"]

1. d4 Nf6 2. c4 e6 3. g3 d5 4. Nf3 Be7 5. Bg2 O-O 6. O-O b6 7. cxd5 exd5 8. Qc2 Bb7 9. Nc3 Nbd7 10. Bf4 a6 11. Rfd1 Rc8 12. Rac1 Re8 13. Qf5 Nf8 14. h4 Ne6 15. Be5 g6 16. Qb1 Ne4 17. Bh3 Bf8 18. Nd2 f6 19. Ndxe4 dxe4 20. d5 Ng7 21. Bxc8 Bxc8 22. Bf4 g5 23. hxg5 fxg5 24. Be3 Nf5 25. Kg2 Nxe3+ 26. fxe3 Qd7 27. Rh1 Qg4 28. Rcg1 Bd6 29. Kf2 h5 30. b4 Rf8+ 31. Ke1 Bxg3+ 32. Kd2 Re8 33. Qf1 Rf8 34. Qg2 Bd6 35. Qxe4 Qxe4 36. Rxg5+ Kf7 37. Nxe4 Bxb4+ 38. Kd3 Ke8 39. Rhxh5 a5 40. Kd4 Ba3 41. Kc3 Ba6 42. Rh7 Bb4+ 43. Kb3 Bxe2 44. Rxc7 Rf3 45. Rg8+ Bf8 46. Rg3 Bd1+ 47. Kc4 1-0

[Event "78th GEO-ch Women 1st League 2021"]
[Site "Tbilisi"]
[Date "2021.03.21"]
[Round "4.3"]
[White "Tsotsonava, Elene"]
[Black "Gvetadze, Sofio"]
[Result "0-1"]
[ECO "B42"]
[WhiteElo "1805"]
[BlackElo "2317"]
[Annotator "ChessBase"]
[PlyCount "62"]
[EventDate "2021.03.18"]
[EventType "swiss"]
[EventCountry "GEO"]
[SourceTitle "playchess.com"]
[Source "ChessBase"]
[SourceQuality "1"]
[TimeControl "5400+30"]

1. e4 c5 2. Nf3 e6 3. d4 cxd4 4. Nxd4 a6 5. Bd3 Qc7 6. O-O Nf6 7. Qe2 d6 8. c4 Be7 9. b3 Nbd7 10. Bb2 Ne5 11. Bc2 O-O 12. Nc3 Re8 13. Kh1 Ng6 14. f4 Qc5 15. Rad1 e5 16. Na4 Qc7 17. f5 Nf4 18. Qd2 exd4 19. Qxf4 b5 20. Bxd4 bxa4 21. e5 dxe5 22. Bxe5 Qa5 23. Be4 Nxe4 24. Qxe4 Bb7 25. Qxb7 Qxe5 26. Rfe1 Qf6 27. Qd7 axb3 28. axb3 Kf8 29. Qa4 a5 30. Rd5 Bb4 31. Red1 Rad8 0-1

[Event "78th GEO-ch Women 1st League 2021"]
[Site "Tbilisi"]
[Date "2021.03.21"]
[Round "4.4"]
[White "Janiashvili, Mariami"]
[Black "Khurtsilava, Inga"]
[Result "0-1"]
[ECO "E18"]
[WhiteElo "1963"]
[BlackElo "2260"]
[Annotator "ChessBase"]
[PlyCount "84"]
[EventDate "2021.03.18"]
[EventType "swiss"]
[EventCountry "GEO"]
[SourceTitle "playchess.com"]
[Source "ChessBase"]
[SourceQuality "1"]
[TimeControl "5400+30"]

1. d4 Nf6 2. c4 e6 3. Nf3 b6 4. g3 Bb7 5. Bg2 Be7 6. O-O O-O 7. Nc3 Ne4 8. Bd2 d5 9. cxd5 Nxc3 10. Bxc3 Bxd5 11. Qc2 f5 12. e3 Nd7 13. Rac1 Nf6 14. Rfd1 Be4 15. Qb3 Qd5 16. Qxd5 Nxd5 17. Ne5 Bxg2 18. Kxg2 Bd6 19. Nd3 g5 20. Bd2 g4 21. Rh1 h5 22. h4 Kf7 23. Rhe1 Ke7 24. e4 fxe4 25. Rxe4 Kd7 26. Rce1 Rae8 27. Bf4 Rf5 28. Ne5+ Bxe5 29. Rxe5 Ref8 30. Rxf5 Rxf5 31. Be5 a5 32. Re2 a4 33. Kf1 b5 34. Kg2 Rf3 35. Rc2 c6 36. Re2 b4 37. Bb8 a3 38. Ba7 b3 39. bxa3 Nc3 40. Re1 b2 41. d5 b1=Q 42. dxe6+ Ke8 0-1

[Event "78th GEO-ch Women 1st League 2021"]
[Site "Tbilisi"]
[Date "2021.03.21"]
[Round "4.5"]
[White "Pipia, Ekaterine"]
[Black "Bedoshvili, Dea"]
[Result "1-0"]
[ECO "D30"]
[WhiteElo "2019"]
[BlackElo "1667"]
[Annotator "ChessBase"]
[PlyCount "61"]
[EventDate "2021.03.18"]
[EventType "swiss"]
[EventCountry "GEO"]
[SourceTitle "playchess.com"]
[Source "ChessBase"]
[SourceQuality "1"]
[TimeControl "5400+30"]

1. d4 d5 2. c4 e6 3. Nf3 c6 4. Qc2 Bd6 5. Bg5 Qc7 6. e3 Nd7 7. Nc3 Ngf6 8. Rc1 O-O 9. Bd3 dxc4 10. Bxc4 c5 11. O-O a6 12. dxc5 Nxc5 13. Rfd1 Be7 14. Bf4 Qa5 15. a4 Bd7 16. Ne5 Be8 17. Ra1 Ncd7 18. Nf3 Rc8 19. Qe2 Nb6 20. Bb3 Bc6 21. Ne5 Nbd5 22. Nxc6 bxc6 23. Be5 Nxc3 24. Bxc3 Bb4 25. Bxf6 gxf6 26. Qg4+ Kh8 27. Qh4 Rg8 28. Qxf6+ Rg7 29. Rd4 Qc5 30. Rad1 Rf8 31. Rg4 1-0

[Event "78th GEO-ch Women 1st League 2021"]
[Site "Tbilisi"]
[Date "2021.03.21"]
[Round "4.6"]
[White "Mikadze, Miranda"]
[Black "Gvatua, Mariam"]
[Result "1-0"]
[ECO "B50"]
[WhiteElo "2269"]
[BlackElo "1343"]
[Annotator "ChessBase"]
[PlyCount "69"]
[EventDate "2021.03.18"]
[EventType "swiss"]
[EventCountry "GEO"]
[SourceTitle "playchess.com"]
[Source "ChessBase"]
[SourceQuality "1"]
[TimeControl "5400+30"]

1. e4 c5 2. Nf3 d6 3. c3 Nf6 4. Bb5+ Bd7 5. Bxd7+ Qxd7 6. d3 Nc6 7. O-O g6 8. Re1 Bg7 9. d4 cxd4 10. cxd4 O-O 11. Nc3 Rac8 12. h3 e6 13. d5 Ne7 14. dxe6 fxe6 15. Be3 b6 16. Qb3 d5 17. Rad1 Qb7 18. Bd4 Rfd8 19. Ng5 Qd7 20. exd5 exd5 21. Ne6 Re8 22. Nxg7 Kxg7 23. Rxe7+ Rxe7 24. Nxd5 Re4 25. Nxf6 Qxd4 26. Rxd4 Rxd4 27. Ng4 Rc7 28. Qf3 Rd6 29. Qe3 h5 30. Qe5+ Kh7 31. Qxd6 Rc1+ 32. Kh2 hxg4 33. Qd7+ Kh8 34. Qxg4 Rc5 35. Qxg6 1-0

[Event "78th GEO-ch Women 1st League 2021"]
[Site "Tbilisi"]
[Date "2021.03.21"]
[Round "4.7"]
[White "Kirtadze, Anastasia"]
[Black "Sichinava, Mariam"]
[Result "1-0"]
[ECO "D94"]
[WhiteElo "1810"]
[BlackElo "1516"]
[Annotator "NA"]
[PlyCount "109"]
[EventDate "2021.03.18"]
[EventType "swiss"]
[EventCountry "GEO"]
[SourceTitle "playchess.com"]
[Source "ChessBase"]
[SourceQuality "1"]
[TimeControl "5400+30"]

1. Nf3 c5 2. c4 g6 3. Nc3 Bg7 4. e3 Nf6 5. d4 cxd4 6. exd4 d5 7. cxd5 Nxd5 8. Bc4 Nxc3 9. bxc3 O-O 10. O-O Nc6 11. Re1 Na5 12. Bd3 Be6 13. Ng5 Bd5 14. Qa4 Rc8 15. Ba3 Bf6 16. Ne4 Bxe4 17. Bxe4 b6 18. Bb4 Qc7 19. Bxa5 bxa5 20. Re3 Rfd8 21. Rb1 Rb8 22. Rxb8 Rxb8 23. g3 Rb2 24. h4 Qc8 25. Qxa5 Qg4 26. Qa3 Qd1+ 27. Kg2 Qd2 28. Rf3 Rxa2 29. Qb3 Ra1 30. Rf4 Qe1 31. Kh3 Kg7 32. Bg2 a5 33. g4 a4 34. Qc4 h6 35. g5 Rc1 36. gxf6+ exf6 37. Qxa4 Rxc3+ 38. Kh2 g5 39. hxg5 hxg5 40. Rf5 g4 41. d5 g3+ 42. fxg3 Qxg3+ 43. Kh1 Rc1+ 44. Rf1 Rc8 45. Qf4 Qg5 (45... Qxf4 $142 46. Rxf4 Kg6) 46. Rf3 Kf8 47. Qd6+ Ke8 48. Rf1 Qh4+ {[%emt 0:02:10] [#]} 49. Qh2 $1 Qxh2+ 50. Kxh2 Ke7 51. Kg3 Rc4 (51... Rg8+ $142 52. Kf2 f5 53. Re1+ Kd6) 52. Ra1 Kd6 (52... f5 $142 53. Bf3 Rb4) 53. Ra6+ Ke7 54. d6+ Kd7 55. Bh3+ 1-0

[Event "78th GEO-ch Women 1st League 2021"]
[Site "Tbilisi"]
[Date "2021.03.21"]
[Round "4.8"]
[White "Javakhishvili, Mariam"]
[Black "Dolakidze, Mariam"]
[Result "1/2-1/2"]
[ECO "A84"]
[WhiteElo "1671"]
[BlackElo "1416"]
[Annotator "NA"]
[PlyCount "73"]
[EventDate "2021.03.18"]
[EventType "swiss"]
[EventCountry "GEO"]
[SourceTitle "playchess.com"]
[Source "ChessBase"]
[SourceQuality "1"]
[TimeControl "5400+30"]

1. d4 e6 2. c4 f5 3. Nc3 d5 4. Nf3 c6 5. Bf4 Bd6 6. e3 Nf6 7. h3 a6 8. Ne5 Bxe5 9. Bxe5 Nbd7 10. Bf4 O-O 11. g4 Ne4 12. Nxe4 fxe4 13. h4 Qa5+ 14. Qd2 Qxd2+ 15. Kxd2 Nf6 16. Bd6 Rf7 17. g5 Ng4 18. Be2 Nxf2 19. Rh2 e5 20. dxe5 Nh3 21. Rah1 Nf2 22. Rg1 Be6 23. c5 Rd8 24. h5 Rf5 25. Rgg2 Nd3 26. Bg4 Rxe5 27. Bxe5 Bxg4 28. Bd6 Bf3 29. Rg3 Nxb2 30. Kc3 Nc4 31. Bf4 Re8 32. Rg1 Re7 33. Rb1 Rd7 34. h6 g6 35. Rf2 Kf7 36. Rff1 Ke7 37. Rb4 1/2-1/2

[Event "78th GEO-ch Women 1st League 2021"]
[Site "Tbilisi"]
[Date "2021.03.21"]
[Round "4.9"]
[White "Oniani, Tamar"]
[Black "Sordia, Marta"]
[Result "1-0"]
[ECO "E11"]
[WhiteElo "1604"]
[BlackElo "1226"]
[Annotator "NA"]
[PlyCount "117"]
[EventDate "2021.03.18"]
[EventType "swiss"]
[EventCountry "GEO"]
[SourceTitle "playchess.com"]
[Source "ChessBase"]
[SourceQuality "1"]
[TimeControl "5400+30"]

1. d4 d5 2. c4 e6 3. Nf3 Nf6 4. g3 Bb4+ 5. Bd2 Qe7 6. a3 Bxd2+ 7. Nbxd2 O-O 8. Bg2 Rd8 9. Qc2 Nc6 10. e3 e5 11. dxe5 Nxe5 12. O-O dxc4 13. Nxe5 Qxe5 14. Nxc4 Qe7 15. Rfd1 Rxd1+ 16. Rxd1 c6 17. h3 Be6 18. Nd6 h6 19. Ne4 Nxe4 20. Qxe4 Rd8 21. Rxd8+ Qxd8 22. Qc2 Qd7 23. Kh2 Bd5 24. e4 Be6 25. f4 Qd4 26. Bf1 c5 27. Bg2 b6 28. f5 Bc4 29. Qa4 a6 30. b3 Bb5 31. Qxd4 cxd4 32. Kg1 f6 33. Kf2 Bd3 34. Ke1 a5 35. Kd2 Ba6 36. Bf3 Bf1 37. h4 d3 38. Bg4 Kf7 39. Ke3 Ke7 40. Kf2 Be2 41. Bxe2 dxe2 42. Kxe2 Kd6 43. Kd3 Kc5 44. Kc3 h5 45. b4+ axb4+ 46. axb4+ Kc6 47. Kc4 b5+ 48. Kd3 Kc7 49. Ke3 Kc6 50. Kf4 Kd6 51. g4 hxg4 52. Kxg4 Ke5 53. Kh5 Kxe4 54. Kg6 Kf4 55. h5 Kg4 56. Kxg7 Kxh5 57. Kxf6 Kh6 58. Ke7 Kg7 59. f6+ 1-0

[Event "78th GEO-ch Women 1st League 2021"]
[Site "Tbilisi"]
[Date "2021.03.21"]
[Round "4.10"]
[White "Antia, Sopia"]
[Black "Mamardashvili, Ana"]
[Result "1/2-1/2"]
[ECO "C54"]
[WhiteElo "1594"]
[BlackElo "1416"]
[Annotator "NA RC"]
[PlyCount "112"]
[EventDate "2021.03.18"]
[EventType "swiss"]
[EventCountry "GEO"]
[SourceTitle "playchess.com"]
[Source "ChessBase"]
[SourceQuality "1"]
[TimeControl "5400+30"]

1. e4 e5 2. Nf3 Nc6 3. Bc4 Bc5 4. c3 Nf6 5. d4 exd4 6. cxd4 Bb4+ 7. Nc3 O-O 8. Bg5 h6 9. Bxf6 Qxf6 10. O-O Bxc3 11. bxc3 d6 12. Qb1 Rb8 13. a4 Bg4 14. Nd2 Qf4 15. Nb3 Rfe8 16. Re1 Kh8 17. f3 Bh5 18. Qc1 Qf6 19. Qd2 Bg6 20. Bb5 a6 21. Bxc6 bxc6 22. Na5 c5 23. d5 Rb6 24. Rac1 Reb8 25. Qe2 Rb2 26. Rc2 Rb1 27. Rec1 R8b2 28. Qd1 Rxc1 29. Qxc1 Rxc2 30. Qxc2 Qf4 31. Nc4 f5 32. Qd2 Qh4 33. g3 Qe7 34. Qe2 fxe4 35. Nd2 Qe5 36. Qxa6 e3 37. Ne4 Qxd5 38. Qe2 Bxe4 39. fxe4 Qxe4 40. a5 d5 41. a6 d4 42. cxd4 cxd4 43. Qg2 Qb1+ 44. Qf1 Qb8 45. Qf3 c5 46. Qf7 d3 47. a7 Qa8 48. Qc7 d2 49. Qb8+ Kh7 50. Qxa8 d1=Q+ 51. Kg2 Qe2+ 52. Kh3 Qh5+ 53. Kg2 Qe2+ 54. Kh3 Qh5+ 55. Kg2 Qe2+ 56. Kh3 Qh5+ 1/2-1/2

[Event "78th GEO-ch Women 1st League 2021"]
[Site "Tbilisi"]
[Date "2021.03.21"]
[Round "4.11"]
[White "Mgeladze, Kesaria"]
[Black "Mkrtchyan, Aida"]
[Result "1-0"]
[ECO "C12"]
[WhiteElo "1380"]
[BlackElo "1156"]
[Annotator "NA"]
[PlyCount "45"]
[EventDate "2021.03.18"]
[EventType "swiss"]
[EventCountry "GEO"]
[SourceTitle "playchess.com"]
[Source "ChessBase"]
[SourceQuality "1"]
[TimeControl "5400+30"]

1. e4 e6 2. d4 d5 3. Nc3 Nf6 4. Bg5 h6 5. Bxf6 gxf6 6. exd5 exd5 7. Qf3 c6 8. O-O-O Rg8 9. Re1+ Be6 10. Bd3 Nd7 11. Qh5 Qe7 12. f4 Rxg2 13. f5 O-O-O 14. fxe6 fxe6 15. Qh3 Qg7 16. Qxe6 Qg5+ 17. Kb1 Bb4 18. Nge2 Rg8 19. Bf5 Rg7 20. h4 Qd2 21. Rd1 Qxd1+ 22. Rxd1 Re7 23. Qxf6 1-0

[Event "78th GEO-ch Women 1st League 2021"]
[Site "Tbilisi"]
[Date "2021.03.22"]
[Round "5.5"]
[White "Nikoladze, Sopio"]
[Black "Javakhishvili, Mariam"]
[Result "0-1"]
[ECO "E69"]
[WhiteElo "2132"]
[BlackElo "1671"]
[Annotator "RC"]
[PlyCount "64"]
[EventDate "2021.03.18"]
[EventType "swiss"]
[EventCountry "GEO"]
[SourceTitle "playchess.com"]
[Source "ChessBase"]
[SourceQuality "1"]
[TimeControl "5400+30"]

1. d4 Nf6 2. Nf3 g6 3. g3 Bg7 4. Bg2 O-O 5. c4 d6 6. Nc3 Nbd7 7. O-O e5 8. e4 c6 9. h3 Qb6 10. Re1 exd4 11. Nxd4 Ng4 12. hxg4 Bxd4 13. Be3 Bxe3 14. Rxe3 Ne5 15. Na4 Qc7 16. b3 Bxg4 17. f3 Be6 18. Qd4 b6 19. Rd1 Rad8 20. Nc3 f6 21. Re2 Bh3 22. Bh1 Qg7 23. Qe3 Rd7 24. Red2 Rfd8 25. Ne2 g5 26. Nd4 c5 27. Nb5 a6 28. Nxd6 Qe7 29. Nb7 Rxd2 30. Rxd2 Rxd2 31. Qxd2 Qxb7 32. f4 Qd7 0-1

[Event "78th GEO-ch Women 1st League 2021"]
[Site "Tbilisi"]
[Date "2021.03.22"]
[Round "5.7"]
[White "Bedoshvili, Dea"]
[Black "Tsotsonava, Elene"]
[Result "0-1"]
[ECO "D05"]
[WhiteElo "1667"]
[BlackElo "1805"]
[Annotator "NA RC"]
[PlyCount "98"]
[EventDate "2021.03.18"]
[EventType "swiss"]
[EventCountry "GEO"]
[SourceTitle "playchess.com"]
[Source "ChessBase"]
[SourceQuality "1"]
[TimeControl "5400+30"]

1. d4 d5 2. Nf3 Nf6 3. Nbd2 c5 4. e3 e6 5. c3 Nc6 6. Bd3 Bd6 7. O-O O-O 8. dxc5 Bxc5 9. e4 b6 10. Qe2 Bb7 11. e5 Nd7 12. Nb3 Be7 13. Nbd4 Nc5 14. Bc2 Ba6 15. Nxc6 Bxe2 16. Nxd8 Rfxd8 17. Re1 Bxf3 18. gxf3 Rac8 19. Be3 b5 20. Rac1 Rc6 21. Bd4 Rdc8 22. Rcd1 a5 23. f4 g6 24. Kg2 Na6 25. Bd3 Rb8 26. Kf3 a4 27. a3 Bc5 28. Bb1 Kf8 29. Ke3 Bxd4+ 30. Rxd4 Nc5 31. Bc2 Ke7 32. Kd2 Nb7 33. Rb4 Rc5 34. Kc1 Na5 35. Rd4 Rbc8 36. Kd2 Nc6 37. Rd3 Rc4 38. Rf3 Nd4 39. Rd3 Nxc2 40. Kxc2 Rxf4 41. Re2 Rcc4 42. f3 Rf5 43. b3 axb3+ 44. Kxb3 Kd7 45. Rde3 Kc6 46. Rg2 Rcf4 47. Rg3 h5 48. Rh3 h4 49. Kc2 Kc5 0-1

[Event "78th GEO-ch Women 1st League 2021"]
[Site "Tbilisi"]
[Date "2021.03.22"]
[Round "5.8"]
[White "Sichinava, Mariam"]
[Black "Antia, Sopia"]
[Result "1-0"]
[ECO "A12"]
[WhiteElo "1516"]
[BlackElo "1594"]
[Annotator "NA RC"]
[PlyCount "105"]
[EventDate "2021.03.18"]
[EventType "swiss"]
[EventCountry "GEO"]
[SourceTitle "playchess.com"]
[Source "ChessBase"]
[SourceQuality "1"]
[TimeControl "5400+30"]

1. Nf3 d5 2. g3 c6 3. Bg2 Bf5 4. O-O e6 5. c4 Nf6 6. b3 h6 7. Bb2 Nbd7 8. d3 Be7 9. Re1 O-O 10. Nc3 Nc5 11. Qc2 Bh7 12. Rad1 Qb6 13. e4 dxe4 14. dxe4 Rfd8 15. Ne5 Bd6 16. Nd3 Ng4 17. Nxc5 Bxc5 18. Re2 Rxd1+ 19. Nxd1 Rd8 20. Rd2 Bd4 21. c5 Bxc5 22. Rxd8+ Qxd8 23. Bf3 Qg5 24. h4 Qh5 25. Qe2 f5 26. Qc4 Bb6 27. Qxe6+ Qf7 28. Qd6 Bc7 29. Qd2 Ne5 30. Be2 Kh8 31. f4 Ng4 32. e5 Qg6 33. Kg2 Bg8 34. Bc4 Bxc4 35. bxc4 Qe6 36. Qd4 Bb6 37. c5 Bc7 38. Nc3 Kh7 39. Qd3 g5 40. Ne2 Kg6 41. Nd4 Qd5+ 42. Kg1 Qxc5 43. Qxf5+ Kg7 44. Qxg4 Bb6 45. Qd7+ Kg8 46. Qe8+ Kh7 47. Kh2 Qd5 48. Qe7+ Kh8 49. Qf6+ Kh7 50. Qf5+ Kh8 51. e6 Qxa2 52. Qf6+ Kh7 53. Nf5 1-0

[Event "78th GEO-ch Women 1st League 2021"]
[Site "Tbilisi"]
[Date "2021.03.22"]
[Round "5.9"]
[White "Dolakidze, Mariam"]
[Black "Mgeladze, Kesaria"]
[Result "0-1"]
[ECO "E67"]
[WhiteElo "1416"]
[BlackElo "1380"]
[Annotator "NA RC"]
[PlyCount "96"]
[EventDate "2021.03.18"]
[EventType "swiss"]
[EventCountry "GEO"]
[SourceTitle "playchess.com"]
[Source "ChessBase"]
[SourceQuality "1"]
[TimeControl "5400+30"]

1. Nf3 Nf6 2. g3 g6 3. Bg2 Bg7 4. O-O O-O 5. c4 d6 6. d4 Nbd7 7. Nc3 e5 8. dxe5 dxe5 9. e3 c6 10. b3 Qc7 11. Bb2 Rd8 12. Qe2 Nc5 13. Rfd1 Bf5 14. Ne1 e4 15. h3 h5 16. Nc2 Nd3 17. Nd4 Qc8 18. Nxf5 Qxf5 19. Qc2 Rd7 20. Rab1 Rad8 21. Ba1 Qe6 22. Kh2 Rd6 23. Kg1 h4 24. Ne2 Qf5 25. Nf4 hxg3 26. fxg3 Bh6 27. Qe2 Qd7 28. Qf1 Bxf4 29. gxf4 Qf5 30. Kh2 Kg7 31. Qe2 Rh8 32. Rh1 Kg8 33. Bxf6 Rxf6 34. Rbd1 Kg7 35. Kg1 Rd8 36. Kh2 Rfd6 37. Rhf1 Qd7 38. Qc2 f5 39. a3 Kf7 40. Qc3 Nc5 41. Rxd6 Qxd6 42. b4 Ne6 43. h4 Qd3 44. Rc1 Qe2 45. Rc2 Qg4 46. Bh3 Qxh4 47. Rg2 Rd3 48. Qc1 Nxf4 0-1

[Event "78th GEO-ch Women 1st League 2021"]
[Site "Tbilisi"]
[Date "2021.03.22"]
[Round "5.10"]
[White "Tasoshvili, Tamar"]
[Black "Mamardashvili, Ana"]
[Result "1-0"]
[ECO "A16"]
[WhiteElo "1528"]
[BlackElo "1416"]
[Annotator "NA RC"]
[PlyCount "99"]
[EventDate "2021.03.18"]
[EventType "swiss"]
[EventCountry "GEO"]
[SourceTitle "playchess.com"]
[Source "ChessBase"]
[SourceQuality "1"]
[TimeControl "5400+30"]

1. c4 Nf6 2. Nc3 d5 3. cxd5 Nxd5 4. Nxd5 Qxd5 5. d4 Nc6 6. e3 Bf5 7. Bd2 O-O-O 8. Nf3 h5 9. Qa4 e5 10. Bc4 Qd6 11. d5 Nb4 12. O-O Nxd5 13. Qxa7 Nb6 14. Bxf7 g5 15. Ba5 Nd7 16. Rfd1 Qa6 17. Qxa6 bxa6 18. Nxg5 Be7 19. Ne6 Bxe6 20. Bxe6 Rh6 21. Bxd7+ Rxd7 22. Rxd7 Kxd7 23. Bc3 e4 24. Rd1+ Ke6 25. Kf1 Rg6 26. Ba5 c5 27. g3 Rg5 28. Bd8 h4 29. Bxe7 Kxe7 30. Ke2 hxg3 31. hxg3 a5 32. Rc1 Kd6 33. Rc4 Kd5 34. Ra4 Rg6 35. Rxa5 Rb6 36. b3 Rb7 37. Ra8 Rb6 38. Rd8+ Ke5 39. Re8+ Kd5 40. Rd8+ Ke5 41. Rd2 Rb7 42. Kd1 Rc7 43. Kc2 c4 44. bxc4 Rxc4+ 45. Kb3 Rc7 46. a4 Kf5 47. a5 Kg4 48. Kb4 Kf3 49. a6 Rh7 50. Ra2 1-0

[Event "78th GEO-ch Women 1st League 2021"]
[Site "Tbilisi"]
[Date "2021.03.22"]
[Round "5.11"]
[White "Mkrtchyan, Aida"]
[Black "Sordia, Marta"]
[Result "0-1"]
[ECO "B22"]
[WhiteElo "1156"]
[BlackElo "1226"]
[Annotator "NA RC"]
[PlyCount "74"]
[EventDate "2021.03.18"]
[EventType "swiss"]
[EventCountry "GEO"]
[SourceTitle "playchess.com"]
[Source "ChessBase"]
[SourceQuality "1"]
[TimeControl "5400+30"]

1. e4 c5 2. c3 d5 3. exd5 Qxd5 4. d4 Nc6 5. Nf3 Bf5 6. Bb5 cxd4 7. Bxc6+ Qxc6 8. cxd4 Bxb1 9. Rxb1 Nf6 10. Be3 e6 11. O-O Bd6 12. Rc1 Qd5 13. Qa4+ b5 14. Qa6 O-O 15. Rc6 Rfd8 16. a4 bxa4 17. Qxa4 Rab8 18. Rfc1 Rxb2 19. Qxa7 Rb1 20. Ng5 Rxc1+ 21. Rxc1 e5 22. dxe5 Bxe5 23. f4 Bb8 24. Qe7 Re8 25. Qa3 Bxf4 26. Bxf4 Qd4+ 27. Kh1 Qxf4 28. Nf3 h6 29. h3 Ne4 30. Kg1 Ng3 31. Rd1 Ne2+ 32. Kh1 Ng3+ 33. Kg1 Re3 34. Qa8+ Kh7 35. Qd5 Ne2+ 36. Kh1 Nc3 37. Qd4 Rxf3 0-1

[Event "78th GEO-ch Women 1st League 2021"]
[Site "Tbilisi"]
[Date "2021.03.23"]
[Round "6.1"]
[White "Mikadze, Miranda"]
[Black "Lomaia, Diana"]
[Result "1-0"]
[ECO "C96"]
[WhiteElo "2269"]
[BlackElo "1946"]
[Annotator "ChessBase"]
[PlyCount "67"]
[EventDate "2021.03.18"]
[EventType "swiss"]
[EventCountry "GEO"]
[SourceTitle "playchess.com"]
[Source "ChessBase"]
[SourceQuality "1"]
[TimeControl "5400+30"]

1. e4 c5 2. c3 Nf6 3. Bd3 e5 4. Nf3 Nc6 5. O-O d6 6. Re1 Be7 7. Bc2 O-O 8. h3 a6 9. d4 cxd4 10. cxd4 b5 11. Nc3 h6 12. Be3 Bb7 13. d5 Na5 14. b3 Rc8 15. Ne2 Ba8 16. Ng3 Re8 17. Qd2 Bf8 18. Nf5 Nb7 19. b4 Nd7 20. Bd3 Nb6 21. Rec1 Nc4 22. Qe2 Na3 23. Qb2 Nc4 24. Bxc4 bxc4 25. Nd2 g6 26. Nxh6+ Bxh6 27. Bxh6 g5 28. h4 f6 29. Qa3 Kh7 30. hxg5 fxg5 31. Qh3 Kg6 32. g4 Kf6 33. Nf3 Rg8 34. Qh5 1-0

[Event "78th GEO-ch Women 1st League 2021"]
[Site "Tbilisi"]
[Date "2021.03.23"]
[Round "6.2"]
[White "Vakhania, Alexandra"]
[Black "Khurtsilava, Inga"]
[Result "1-0"]
[ECO "A47"]
[WhiteElo "2134"]
[BlackElo "2260"]
[Annotator "ChessBase"]
[PlyCount "147"]
[EventDate "2021.03.18"]
[EventType "swiss"]
[EventCountry "GEO"]
[SourceTitle "playchess.com"]
[Source "ChessBase"]
[SourceQuality "1"]
[TimeControl "5400+30"]

1. d4 Nf6 2. Nf3 b6 3. Bg5 Ne4 4. Bh4 d5 5. e3 Qd6 6. c3 Bg4 7. Be2 Nd7 8. Nbd2 Qh6 9. h3 Bxf3 10. Nxf3 g5 11. Bg3 Nxg3 12. fxg3 g4 13. Ne5 Nxe5 14. dxe5 c6 15. Qa4 Bg7 16. Qf4 Qe6 17. Bxg4 Qxe5 18. O-O-O h5 19. Bf3 Qe6 20. Kb1 Be5 21. Qa4 b5 22. Qc2 Bxg3 23. e4 dxe4 24. Bxe4 Rd8 25. Bf5 Qe5 26. Rxd8+ Kxd8 27. Rd1+ Kc7 28. Rd7+ Kb6 29. a4 Rb8 30. axb5 cxb5 31. Be4 Qc5 32. Qd1 a5 33. Rd5 Qe3 34. Bd3 Qe1 35. Rxb5+ Kc7 36. Qxe1 Bxe1 37. Rxh5 Kd6 38. Kc2 Ra8 39. c4 Bb4 40. Rd5+ Kc7 41. h4 Rg8 42. Bf1 e6 43. Rd3 f5 44. h5 Rh8 45. Rh3 Kd6 46. Be2 Ke7 47. g4 Kf6 48. gxf5 exf5 49. Rg3 Rh6 50. Kb3 Be1 51. Rh3 Ke5 52. Ka4 Bd2 53. c5 Rh8 54. Rd3 Bb4 55. c6 Bd6 56. Bf3 Rb8 57. Rd5+ Ke6 58. Rb5 Rd8 59. Rxa5 Bc7 60. Rc5 Rd4+ 61. Kb5 Rd3 62. Rc3 Rd2 63. b4 Rd8 64. Re3+ Kf6 65. Kc4 Bb6 66. Rd3 Re8 67. Kb5 Rb8 68. Rd7 Bc7+ 69. Kc5 Bb6+ 70. Kd6 Bf2 71. c7 Bg3+ 72. Kc5 Rc8 73. Kc6 Re8 74. b5 1-0